 Dungeon Crawl Stone Soup version 0.28.0 (webtiles) character file.

Game seed: 2981035790584196788

25 HallandMoats the Skirmisher (level 2, 0/24 HPs)
             Began as a Demonspawn Fighter on Feb 8, 2022.
             Slain by an adder (3 damage)
             ... on level 2 of the Dungeon.
             The game lasted 00:01:18 (1074 turns).

HallandMoats the Skirmisher (Demonspawn Fighter)    Turns: 1074, Time: 00:01:19

Health: 0/24       AC:  0    Str: 16    XL:     2   Next: 86%
Magic:  3/3        EV: 11    Int:  9    God:
Gold:   66         SH:  4    Dex: 12    Spells: 1/1 levels left

rFire   . . .      SeeInvis .   a - +0 war axe
rCold   . . .      Faith    .   c - +0 buckler
rNeg    . . .      Spirit   .   (no armour)
rPois   .          Reflect  .   (no helmet)
rElec   .          Harm     .   (no cloak)
rCorr   .          Rampage  .   (no gloves)
Will    .....                   (no boots)
Stlth   +.........              (no amulet)
HPRegen 0.08/turn               (no ring)
MPRegen 0.16/turn               (no ring)

@: mighty, lethally poisoned (0 -> -6)
A: magic regeneration
a: no special abilities


You were on level 2 of the Dungeon.
You visited 1 branch of the dungeon, and saw 2 of its levels.

You collected 66 gold pieces.

Inventory:

Hand Weapons
 a - a +0 war axe (weapon)
Armour
 b - a +0 scale mail
 c - a +0 buckler (worn)
 m - a +2 chain mail of willpower
Scrolls
 f - a scroll of magic mapping {unknown}
 g - 2 scrolls of noise {unknown}
 h - 3 scrolls of teleportation {unknown}
 i - 3 scrolls of identify {unknown}
 j - a scroll of amnesia {unknown}
 k - a scroll of fog {unknown}
 l - a scroll of immolation {unknown}
Potions
 e - a potion of brilliance {unknown}


   Skills:
 * Level 3.2 Fighting
 * Level 2.1 Axes
 + Level 2.8 Armour
 + Level 0.4 Dodging
 + Level 2.9 Shields
 * Level 1.4 Invocations


You had one spell level left.
You didn't know any spells.
Your spell library contained the following spells:

 Spells                   Type           Power      Damage    Failure   Level
 Slow                     Hex            0%         N/A       47%         1
 Confusing Touch          Hex            0%         N/A       85%         3
 Vampiric Draining        Necr           0%         2d6       85%         3


Dungeon Overview and Level Annotations

Branches:
Dungeon (2/15)

Altars:


Innate Abilities, Weirdness & Mutations

You regenerate magic rapidly.


Message History

No target in view!
No target in view!
No target in view!
No target in view!
No target in view!
No target in view!
No target in view!
You see here a +2 chain mail of willpower.
m - a +2 chain mail of willpower You start removing your armour.
You continue taking off your +0 scale mail.
Keep disrobing? [Y]es or [N]o only, please.
Keep disrobing? [Y]es or [N]o only, please.
Keep disrobing?
You continue taking off your +0 scale mail.
The adder hisses angrily.
You continue taking off your +0 scale mail. x2
You finish taking off your +0 scale mail.
Unknown command.
You see here 18 stones.
The adder closely misses you. The adder bites you.
There is a stone staircase leading up here.
The adder bites you.
There is a stone staircase leading down here.
You feel very mighty all of a sudden. The adder bites you.
You are poisoned.
The adder poisons you!
You miss the adder.
You feel sick. The adder bites you.
You are more poisoned.
The adder poisons you! The adder bites you.
* * * LOW HITPOINT WARNING * * *
You closely miss the adder.
* * * LOW HITPOINT WARNING * * *
You feel very sick. The adder bites you.
You die...

#..........S..).........
#.##.####.######.######
#.##.# #....(...# #.##.#
#######..# #.##.#
#####..# #.##.#
#...#..###
#.##.######.#......#
#.##.#.........#S#.#
#.##.#.#####.#.#@#.#
#.##...# #.#.#<# #
#.##.### #.#.#.#
..##.#######.#.#.#
.###..............
.....#######.#.#..
.##### #.#.### .# #.#..
.#


You could see an adder.

Vanquished Creatures
  A dart slug (D:1)
  2 ball pythons (D:1)
  3 endoplasms
  2 giant cockroaches
  A goblin (D:1)
  2 hobgoblins (D:1)
  2 kobolds (D:1)
  2 quokkas (D:1)
  A bat (D:1)
  A frilled lizard (D:1)
  4 rats (D:1)
21 creatures vanquished.

Notes
Turn   | Place    | Note
-------+----------+-------------------------------------------
     0 | D:1      | HallandMoats the Demonspawn Fighter began the quest for the
                  | Orb.
     0 | D:1      | Reached XP level 1. HP: 18/18 MP: 1/1
   322 | D:1      | Reached skill level 1 in Invocations
   322 | D:1      | Gained mutation: You regenerate magic rapidly. [demonic
                  | ancestry]
   322 | D:1      | Reached XP level 2. HP: 17/24 MP: 2/2
  1074 | D:2      | Slain by an adder

Illustrated notes

Levels and vault maps discovered:
D:1:      dpeg_arrival_refuge, layout_loops_ring
D:2:      layout_loops_ring, serial_shops, shop_fountains

Skill      XL: |  1  2 |
---------------+-------+-----
Invocations    | 1 |  1.4
Axes           | 2 |  2.1
Fighting       | |  3.2
Armour         | |  2.8
Dodging        | |  0.4
Shields        | |  2.9

Action                   || total
-------------------------++-------
Melee: War axe           ||    78
  Use: Potion            ||     1
Armor: Scale mail        ||    43
Dodge: Dodged            ||    41
Block: Buckler           ||    15
